 Dungeon Sprint DCSS version 0.30-a0-222-ge547ba4400 (webtiles) character file.

Game seed: 6461876327328447872

83271 rocky1 the Warrior (level 15, -2/143 HPs)
             Began as a Merfolk Gladiator on Oct 9, 2022.
             Was the Champion of Qazlal.
             Killed from afar by an electric golem (16 damage)
             ... with a bolt of lightning
             ... in the Dungeon (Sprint II: "The Violet Keep of Menkaure").
             The game lasted 00:40:15 (6902 turns).

rocky1 the Warrior (Merfolk Gladiator)              Turns: 6902, Time: 00:40:16

Health: -2/143     AC: 29    Str: 10    XL:     15   Next: 76%
Magic:  29/29      EV: 12    Int:  6    God:    Qazlal [******]
Gold:   1963       SH: 29    Dex: 29    Spells: 14/14 levels left

rFire   + + +      SeeInvis +    C - +9 sword of Zonguldrok {reap}
rCold   . . .      Faith    .    I - +0 kite shield
rNeg    . . .      Spirit   .    h - +1 chain mail {rF+}
rPois   +          Reflect  .    E - +1 helmet {SInv}
rElec   .          Harm     .    H - +0 cloak {rCorr}
rCorr   +          Rampage  .    (no gloves)
Will    +....      NoTele   +    U - +0 pair of boots
Stlth   +.........               x - amulet of the acrobat
HPRegen 0.43/turn                c - +4 ring of protection
MPRegen 0.21/turn                D - ring "Jiahoah" {rPois rF++ AC+4 Str-4 Stlth+}

@: mighty, protected from physical damage, hasted, repel missiles, very quick
A: (nimble swimmer 2), mertail, large bone plates 1, thin skeletal structure 1,
agile 1
a: Renounce Religion, Upheaval, Elemental Force, Disaster Area


You were in the Dungeon.
You worshipped Qazlal.
Qazlal was exalted by your worship.
You visited 1 branch You collected 6545 gold pieces.
You spent 4582 gold pieces at shops.

Inventory:

Hand Weapons
 a - a +0 long sword
 C - the +9 sword of Zonguldrok (weapon) {reap}
   (You found it in the Dungeon)

   Any living foe damaged by it may be reanimated upon death as a zombie
   friendly to the wielder, with an increasing chance as more damage is dealt.
 L - a +4 scimitar of holy wrath
 N - a +2 scimitar of draining
Missiles
 d - 2 throwing nets (quivered)
 e - 8 javelins
 B - 5 poisoned darts
Armour
 h - a +1 chain mail of fire resistance (worn)
 l - a +2 helmet of intelligence
 v - the +0 ring mail of Starshine {rElec rN+ Will- Str+3}
   (You bought it in a shop in the Dungeon)

   Str:       It affects your strength (+3).
   rElec:     It insulates you from electricity.
   rN:        It protects you from negative energy.
   Will:      It decreases your willpower.
 E - a +1 helmet of see invisible (worn)
 H - a +0 cloak of preservation (worn)
 I - a +0 kite shield (worn)
 O - the +2 scale mail of Knowledge {rF++ rN+ Int+3 Dex-4}
   (You bought it in a shop in the Dungeon)

   Int:       It affects your intelligence (+3).
   Dex:       It affects your dexterity (-4).
   rF:        It greatly protects you from fire.
   rN:        It protects you from negative energy.
 P - the +0 ring mail of Masytrohio {Fly Will+ Str+6 SInv}
   (You bought it in a shop in the Dungeon)

   Str:       It affects your strength (+6).
   SInv:      It lets you see invisible.
   Fly:       It grants you flight.
   Will:      It increases your willpower.
 U - a +0 pair of boots (worn)
Jewellery
 c - a +4 ring of protection (left hand)
 x - an amulet of the acrobat (around neck)
 D - the ring "Jiahoah" (right hand) {rPois rF++ AC+4 Str-4 Stlth+}
   (You found it in the Dungeon)

   [ring of protection]

   AC:        It affects your AC (+4).
   Str:       It affects your strength (-4).
   rF:        It greatly protects you from fire.
   rPois:     It protects you from poison.
   Stlth:     It makes you more stealthy.
 F - an amulet of magic regeneration
 J - a ring of see invisible
 R - a +6 ring of strength
Wands
 j - a wand of mindburst (19)
 Q - a wand of charming (13)
Scrolls
 g - 4 scrolls of identify
 k - 3 scrolls of blinking
 t - 2 scrolls of enchant weapon
 u - a scroll of silence
 y - a scroll of vulnerability
 z - 3 scrolls of amnesia
 K - 3 scrolls of fear
 M - a scroll of immolation
Potions
 f - 9 potions of curing
 i - 33 potions of magic
 m - 30 potions of mutation
 n - 4 potions of haste
 o - 4 potions of resistance
 p - 9 potions of flight
 q - a potion of might
 s - 6 potions of attraction
 w - 3 potions of ambrosia
 A - 2 potions of berserk rage
 G - 2 potions of lignification
 T - a potion of brilliance
Miscellaneous
 b - a condenser vane
 r - a phial of floods


   Skills:
 + Level 20.9 Fighting
 + Level 20.6 Long Blades
 - Level 2.0 Throwing
 - Level 11.0 Armour
 - Level 16.2 Dodging
 + Level 15.8 Shields
 + Level 20.0 Invocations
 + Level 15.3 Evocations


You had 14 spell levels left.
You didn't know any spells.
Your spell library contained the following spells:

 Spells                   Type           Power      Damage    Failure   Level
 Apportation              Tloc           0%         N/A       100%        1
 Gell's Gravitas          Tloc           0%         N/A       100%        3
 Inner Flame              Hex/Fire       0%         N/A       100%        3
 Stone Arrow              Conj/Erth      0%         3d7       100%        3
 Teleport Other           Tloc           0%         N/A       100%        3
 Animate Armour           Summ/Erth      0%         N/A       100%        4
 Cause Fear               Hex            0%         N/A       100%        4
 Leda's Liquefaction      Hex/Erth       0%         N/A       100%        4
 Manifold Assault         Tloc           0%         N/A       100%        4
 Alistair's Intoxication  Tmut/Pois      0%         N/A       100%        5
 Blade Hands              Tmut           0%         N/A       100%        5
 Dispersal                Tloc           0%         N/A       100%        6
 Iron Shot                Conj/Erth      0%         9d1       100%        6
 Statue Form              Tmut/Erth      0%         N/A       100%        6
 Malign Gateway           Summ/Tloc      0%         N/A       100%        7
 Discord                  Hex            0%         N/A       100%        8


Dungeon Overview and Level Annotations

Branches:
Dungeon (1/1)

Altars:
Cheibriados
Dithmenos
Elyvilon
Fedhas
Gozag
Hepliaklqana
Kikubaaqudgha
Makhleb
Nemelex Xobeh
Okawaru
Qazlal
Ru
Sif Muna
Trog
Uskayaw
Vehumet
Wu Jian
Xom
Yredelemnul
Zin
The Shining One
Jiyva
Lugonu

Shops:
D *[?=:(*(![=!:?*[=([([?:!((?*:??*:**

Annotations:
D Lernaean hydra


Innate Abilities, Weirdness & Mutations

((You are very nimble when in or above water. (Stealth+, EV+, Speed+++)))
Your lower body shifts to a powerful aquatic tail in water.
You are partially covered in large bone plates. (SH +4)
You have a somewhat thin skeletal structure. (Dex +2, Stealth+)
You are agile. (Dex +4, Str/Int -1)


Message History

You slash the electric golem!
The electric golem is lightly damaged.
You block the electric golem's attack. x2; The electric golem hits you!
The electric golem completely misses you.
The electric golem hits you but does no damage.
You block the electric golem's attack. The electric golem hits you.
You block the electric golem's attack.
You feel very mighty all of a sudden.
The electric golem hits you but does no damage.
You block the electric golem's attack.
The electric golem hits you but does no damage.
You block the electric golem's attack.
You feel yourself speed up.
The electric golem hurls lightning at you.
The bolt of lightning hits you!!!
You feel protected from electricity. The bolt of lightning misses you.
The bolt of lightning hits the electric golem.
The electric golem completely resists.
The bolt of lightning hits the iron golem.
The iron golem completely resists.
The electric golem hits you but does no damage.
You block the electric golem's attack. x2; The electric golem hits you.
Your resistance to electricity fades away.
You feel protected from physical attacks.
You barely miss the electric golem.
The electric golem is lightly damaged.
You block the electric golem's attack. The electric golem hits you.
The electric golem shocks you!
The electric golem hits you but does no damage.
You block the electric golem's attack.
You slash the electric golem!
The electric golem is lightly damaged.
You closely miss the electric golem.
The electric golem is lightly damaged.
The electric golem hurls lightning at you.
The bolt of lightning hits you!!
* * * LOW HITPOINT WARNING * * *
The bolt of lightning hits you!
You die...

###### ######### #.=..#
**********▓▓▓▓▓▓
∩.∩°.'..###...)##▓,,,,,+,,,+..♣♣.
####.####.....°§.▓,,,,,*,,,▓.♣♣..
####§####....[..@▓,,,,,*,▓▓▓.♣♣..
#≈≈.°§§○##⌠....#9▓**,,,*,..▓.♣♣..
≈°.○§≈≈°≈##...†#9○*▓▓+▓▓▓▓.▓.♣...
≈○§°○≈°○°≈##†'##...+...▓0..▓.....
§≈.≈○≈°°.##≈...###.#...▓▓▓▓▓▓▓▓▓▓
#.≈.°§≈°##)≈.....#.#.○.▓§≈≈≈≈≈§≈▓
#○○○#○○°#####....#.##○=▓▓▓▓▓▓▓▓▓▓
..○○○....#..'....#..#°:▓..[.)..[▓
~.##'##..#..####.#..#==▓..((..).▓


You could see an iron golem and an electric golem.

Vanquished Creatures
  2 golden dragons (D)
  A bone dragon (D)
  A hellephant (D)
  A deep elf blademaster (D)
  A deep elf master archer (D)
  3 quicksilver dragons (D)
  A kraken (D)
  2 sphinxes (D)
  Gastronok (D)
  A storm dragon (D)
  Kirke (D)
  Roxanne (D)
  A cacodemon (D)
  A draconian shifter (D)
  An orc warlord (D)
  Nessos (D)
  3 lorocyprocas (D)
  A dire elephant (D)
  A deep elf high priest (D)
  A fire dragon (D)
  A quicksilver dragon zombie (D)
  A yaktaur captain (D)
  A crystal guardian (D)
  An ice dragon (D)
  A centaur warrior (D)
  An iron elemental (D)
  A death yak (D)
  A storm dragon zombie (D)
  Sonja (D)
  3 sixfirhies (D)
  A skeletal warrior (D)
  A death drake (D)
  2 deep trolls (D)
  A glowing orange brain (D)
  A harpy (D)
  An oklob plant (D)
  3 orc sorcerers (D)
  15 shining eyes (D)
  A draconian zombie (D)
  A slime creature (D)
  3 manticores (D)
  3 toenail golems (D)
  An elephant (D)
  An ice statue (D)
  An eye of devastation (D)
  A redback zombie (D)
  A yaktaur (D)
  2 unseen horrors (D)
  A hornet (D)
  5 polar bears (D)
  An ice dragon zombie (D)
  16 flying skulls (D)
  5 wyverns (D)
  A slime creature zombie (D)
  2 yaks (D)
  2 redbacks (D)
  A vampire mosquito (D)
  Menkaure (D)
  6 water moccasins (D)
  10 floating eyes (D)
  2 swamp drakes (D)
  A manticore zombie (D)
  5 necrophages (D)
  A wyvern zombie (D)
  4 scorpions (D)
  9 electric eels (D)
  4 lava snakes (D)
  A jelly (D)
  An iron imp (D)
  A spectral adder (D)
  3 worms (D)
  A tentacle (D)
162 creatures vanquished.

Vanquished Creatures (collateral kills)
  A frost giant (D)
  A great orb of eyes (D)
  2 hell hogs (D)
  A death drake (D)
  A kobold demonologist (D)
  A slime creature (D)
  2 flying skulls (D)
  A yak (D)
  2 wyverns (D)
  A water moccasin (D)
  An earth elemental (D)
  A spectral quokka (D)
15 creatures vanquished.

Vanquished Creatures (others)
  A storm dragon (D)
  A golden dragon zombie (D)
  A human zombie (D)
  A frost giant zombie (D)
  2 centaur zombies (D)
  A yaktaur zombie (D)
  A death drake zombie (D)
  A fire dragon zombie (D)
  An elf zombie (D)
  A manticore zombie (D)
  A kobold zombie (D)
  An elephant zombie (D)
  A water moccasin zombie (D)
  A polar bear zombie (D)
  A swamp drake zombie (D)
  A lava snake zombie (D)
  10 tentacles (D)
27 creatures vanquished.

Grand Total: 204 creatures vanquished

Notes
Turn   | Place    | Note
-------+----------+-------------------------------------------
     0 | D        | rocky1 the Merfolk Gladiator began the quest for the Orb.
     0 | D        | Reached XP level 1. HP: 16/16 MP: 1/1
     3 | D        | Noticed a necrophage
     3 | D        | Noticed a necrophage
     3 | D        | Noticed a necrophage
     3 | D        | Noticed a necrophage
    10 | D        | Killed a necrophage
    11 | D        | Reached skill level 5 in Dodging
    11 | D        | Reached XP level 2. HP: 25/25 MP: 2/2
    11 | D        | Reached XP level 3. HP: 30/30 MP: 3/3
    11 | D        | Reached XP level 4. HP: 37/37 MP: 4/4
    17 | D        | Killed a necrophage
    18 | D        | Reached skill level 5 in Fighting
    18 | D        | Reached XP level 5. HP: 44/44 MP: 5/5
    27 | D        | Reached XP level 6. HP: 49/52 MP: 6/6
    91 | D        | Found a glowing golden altar of the Shining One.
    91 | D        | Found an ornate altar of the Wu Jian Council.
    91 | D        | Noticed a water moccasin
    92 | D        | Found a shimmering altar of Xom.
    92 | D        | Found a sacrificial altar of Ru.
    92 | D        | Found a stormy altar of Qazlal.
    93 | D        | Found a basalt altar of Yredelemnul.
    93 | D        | Found a shimmering blue altar of Sif Muna.
    93 | D        | Found a viscous altar of Jiyva.
    94 | D        | Found a glowing silver altar of Zin.
    94 | D        | Found a bloodstained altar of Trog.
    94 | D        | Found an ancient bone altar of Kikubaaqudgha.
    95 | D        | Found a hide-covered altar of Uskayaw.
    95 | D        | Found a corrupted altar of Lugonu.
    95 | D        | Found a shadowy altar of Dithmenos.
    96 | D        | Found a radiant altar of Vehumet.
    96 | D        | Found a burning altar of Makhleb.
    96 | D        | Found a white marble altar of Elyvilon.
   100 | D        | Killed a water moccasin
   101 | D        | Reached skill level 10 in Long Blades
   103 | D        | Found a sparkling altar of Nemelex Xobeh.
   103 | D        | Found a blossoming altar of Fedhas.
   105 | D        | Found an iron altar of Okawaru.
   105 | D        | Found an opulent altar of Gozag.
   105 | D        | Found a hazy altar of Hepliaklqana.
   105 | D        | Found a snail-covered altar of Cheibriados.
   111 | D        | Noticed an ice statue
   112 | D        | Became a worshipper of Qazlal Stormbringer
   308 | D        | Reached * piety under Qazlal
   368 | D        | Found Toako's Book Emporium.
   370 | D        | Found Tozatil's Magic Scroll Shoppe.
   372 | D        | Found Ewuaph's Antique Weapon Emporium.
   374 | D        | Found Kagity's Antique Armour Shoppe.
   375 | D        | Found Geraic's Jewellery Shoppe.
   375 | D        | Found Docifi's Weapon Emporium.
   376 | D        | Noticed a vampire mosquito
   389 | D        | Killed a vampire mosquito
   395 | D        | Found Dorphicus's Distillery.
   395 | D        | Found Nodghiru's Antique Armour Emporium.
   396 | D        | Found Seifeell's Book Shoppe.
   396 | D        | Found Leykk's General Store.
   396 | D        | Found Cofak's Distillery.
   400 | D        | Noticed Menkaure
   400 | D        | Noticed a wyvern
   408 | D        | Killed Menkaure
   409 | D        | Reached skill level 5 in Armour
   409 | D        | Reached XP level 7. HP: 46/61 MP: 7/9
   496 | D        | Reached ** piety under Qazlal
   508 | D        | Reached skill level 10 in Dodging
   519 | D        | HP: 2/62 [scorpion (2)]
   523 | D        | Reached skill level 5 in Invocations
   790 | D        | Noticed a wyvern
   790 | D        | Noticed a wyvern
   805 | D        | Killed a wyvern
   805 | D        | Reached *** piety under Qazlal
   806 | D        | Reached XP level 8. HP: 24/69 MP: 10/12
   814 | D        | Killed a wyvern
  1022 | D        | Found Ilysas's Distillery.
  1022 | D        | Noticed a wyvern
  1022 | D        | Noticed an oklob plant
  1023 | D        | Found Fajukh's Jewellery Shoppe.
  1023 | D        | Found Waishymn's Magic Scroll Emporium.
  1023 | D        | Found Amieqino's Book Shoppe.
  1024 | D        | Noticed a shining eye
  1026 | D        | Bought a potion of curing for 36 gold pieces
  1026 | D        | Bought 2 potions of curing for 72 gold pieces
  1026 | D        | Bought a scroll of identify for 24 gold pieces
  1026 | D        | Noticed a shining eye
  1036 | D        | Bought a shiny chain mail for 135 gold pieces
  1036 | D        | Bought a glowing helmet for 135 gold pieces
  1058 | D        | Bought a potion of mutation for 88 gold pieces
  1058 | D        | Bought a potion of curing for 33 gold pieces
  1058 | D        | Bought a potion of haste for 110 gold pieces
  1058 | D        | Bought a potion of curing for 33 gold pieces
  1060 | D        | Bought a potion of resistance for 100 gold pieces
  1060 | D        | Bought a potion of curing for 30 gold pieces
  1060 | D        | Bought a potion of flight for 30 gold pieces
  1068 | D        | Bought a scroll of blinking for 105 gold pieces
  1068 | D        | Noticed a shining eye
  1113 | D        | Noticed a polar bear
  1113 | D        | Noticed a hornet
  1116 | D        | Noticed a yaktaur
  1143 | D        | Killed a hornet
  1159 | D        | Killed a polar bear
  1266 | D        | Noticed a polar bear
  1267 | D        | Noticed a polar bear
  1286 | D        | Killed a yaktaur
  1287 | D        | Reached skill level 10 in Fighting
  1287 | D        | Reached XP level 9. HP: 26/78 MP: 14/14
  1289 | D        | Killed a polar bear
  1289 | D        | Reached **** piety under Qazlal
  1299 | D        | Killed a polar bear
  1527 | D        | Noticed a kraken
  1754 | D        | Killed a kraken
  1755 | D        | Reached XP level 10. HP: 27/88 MP: 0/17
  2052 | D        | Noticed a sixfirhy
  2057 | D        | Killed an ice statue
  2060 | D        | Noticed a sixfirhy
  2153 | D        | Noticed a sixfirhy
  2160 | D        | Found Rosat's Book Shoppe.
  2161 | D        | Found Axydonal's Magic Scroll Boutique.
  2164 | D        | Identified the ring of Uskayaw, Nurturing {rElec rF+ Int+3
                  | Slay+4}
  2206 | D        | Killed a sixfirhy
  2207 | D        | Reached skill level 10 in Invocations
  2212 | D        | Killed a sixfirhy
  2213 | D        | Reached skill level 15 in Long Blades
  2213 | D        | Killed a sixfirhy
  2214 | D        | Reached skill level 15 in Dodging
  2355 | D        | Noticed Gastronok
  2380 | D        | Killed Gastronok
  2381 | D        | Reached XP level 11. HP: 11/97 MP: 19/19
  2653 | D        | Noticed a dire elephant
  2653 | D        | Noticed an orc sorcerer
  2653 | D        | Noticed an orc sorcerer
  2653 | D        | Noticed an orc sorcerer
  2655 | D        | Killed an orc sorcerer
  2656 | D        | Killed an orc sorcerer
  2657 | D        | Killed an orc sorcerer
  2669 | D        | Killed a dire elephant
  2674 | D        | Found the +9 sword of Zonguldrok {reap}
  2688 | D        | Got Zuxosen's Enchiridion on the Compass
  2711 | D        | Identified the +3 executioner's axe of Havoc {elec, rElec
                  | rCorr}
  2716 | D        | Identified the ring "Jiahoah" {rPois rF++ AC+4 Str-4
                  | Stlth+}
  2902 | D        | Noticed a deep troll
  2903 | D        | Noticed a deep troll
  2910 | D        | Killed a deep troll
  2911 | D        | Reached skill level 1 in Shields
  2911 | D        | Reached skill level 1 in Evocations
  2918 | D        | Killed a deep troll
  2961 | D        | Noticed a sphinx
  2961 | D        | Noticed a sphinx
  2977 | D        | Killed a sphinx
  2977 | D        | Reached ***** piety under Qazlal
  2978 | D        | Reached skill level 10 in Armour
  2980 | D        | Killed a sphinx
  3230 | D        | Noticed a death drake
  3244 | D        | Killed a death drake
  3252 | D        | Noticed a death drake
  3264 | D        | Killed a death drake
  3265 | D        | Reached skill level 5 in Shields
  3265 | D        | Reached skill level 5 in Evocations
  3269 | D        | Noticed a crystal guardian
  3279 | D        | Killed a crystal guardian
  3280 | D        | Reached XP level 12. HP: 92/108 MP: 22/22
  3324 | D        | Noticed an iron elemental
  3341 | D        | Killed an iron elemental
  3342 | D        | Reached skill level 15 in Fighting
  3425 | D        | Noticed a fire dragon
  3439 | D        | Killed a fire dragon
  3439 | D        | Reached ****** piety under Qazlal
  3498 | D        | Noticed a deep elf master archer
  3512 | D        | Killed a deep elf master archer
  3776 | D        | Bought a potion of curing for 33 gold pieces
  3776 | D        | Bought a potion of degeneration for 11 gold pieces
  3776 | D        | Bought a potion of lignification for 33 gold pieces
  3776 | D        | Bought a potion of attraction for 33 gold pieces
  3784 | D        | Bought a scroll of identify for 24 gold pieces
  3784 | D        | Bought a scroll of blinking for 90 gold pieces
  3784 | D        | Bought a scroll of blinking for 90 gold pieces
  3784 | D        | Bought a scroll of magic mapping for 90 gold pieces
  3784 | D        | Bought a scroll of identify for 24 gold pieces
  3784 | D        | Bought a scroll of identify for 24 gold pieces
  3802 | D        | Bought a glimmering ring mail for 216 gold pieces
  3802 | D        | Identified the +0 ring mail of Starshine {rElec rN+ Will-
                  | Str+3} (You bought it in a shop in the Dungeon)
  3802 | D        | Bought a glowing cloak for 180 gold pieces
  3802 | D        | Bought a kite shield for 108 gold pieces
  3850 | D        | Identified Roxanne's Codex of Earth
  3850 | D        | Noticed Roxanne
  3853 | D        | Noticed an orc warlord
  3877 | D        | Noticed the 27-headed Lernaean hydra
  3879 | D        | Killed Roxanne
  3981 | D        | Killed an orc warlord
  3982 | D        | Reached skill level 15 in Invocations
  4200 | D        | Noticed a yaktaur captain
  4209 | D        | Killed a yaktaur captain
  4210 | D        | Noticed a centaur warrior
  4214 | D        | Noticed Kirke
  4220 | D        | Noticed a golden dragon
  4222 | D        | Killed Kirke
  4227 | D        | Your ally Kirke died
  4227 | D        | Noticed a cacodemon
  4228 | D        | Killed a golden dragon
  4229 | D        | Reached skill level 10 in Shields
  4229 | D        | Reached skill level 10 in Evocations
  4229 | D        | Reached XP level 13. HP: 66/120 MP: 23/25
  4234 | D        | Noticed a storm dragon
  4236 | D        | Killed a cacodemon
  4242 | D        | Noticed a bone dragon
  4247 | D        | Noticed a deep elf high priest
  4256 | D        | HP: 5/121 [bone dragon (2)]
  4633 | D        | Killed a bone dragon
  4638 | D        | Killed a storm dragon
  4669 | D        | Killed a deep elf high priest
  4927 | D        | Noticed a frost giant
  4937 | D        | Killed a frost giant
  5182 | D        | Noticed a great orb of eyes
  5199 | D        | Killed a great orb of eyes
  5218 | D        | Found Zuseha's General Store.
  5218 | D        | Found Bufihan's Assorted Antiques.
  5218 | D        | Found Avass's Antique Armour Shop.
  5218 | D        | Found Hukemi's Weapon Shoppe.
  5218 | D        | Found Daext's Jewellery Boutique.
  5219 | D        | Found Runy's Antique Armour Shoppe.
  5219 | D        | Found Tagimnof's Magic Scroll Boutique.
  5219 | D        | Found Soiro's Antique Armour Emporium.
  5219 | D        | Found Naef's Magic Scroll Shop.
  5219 | D        | Found Goenod's Assorted Antiques.
  5219 | D        | Found Aptupis's Weapon Shop.
  5219 | D        | Found Pafrule's Book Shoppe.
  5221 | D        | Bought a scroll of fear for 48 gold pieces
  5221 | D        | Bought a scroll of acquirement for 624 gold pieces
  5222 | D        | Bought a scroll labelled XENUHA JOEDU for 26 gold pieces
  5224 | D        | Bought a scroll of acquirement for 624 gold pieces
  5229 | D        | Bought a potion of might for 88 gold pieces
  5229 | D        | Bought a runed scimitar for 154 gold pieces
  5263 | D        | Acquired 371 gold pieces
  5265 | D        | Acquired 692 gold pieces
  5282 | D        | Bought a +4 scimitar of holy wrath for 321 gold pieces
  5294 | D        | Bought a translucent scale mail for 171 gold pieces
  5294 | D        | Identified the +2 scale mail of Knowledge {rF++ rN+ Int+3
                  | Dex-4} (You bought it in a shop in the Dungeon)
  5296 | D        | Bought a scorched ring mail for 225 gold pieces
  5296 | D        | Identified the +0 ring mail of Masytrohio {Fly Will+ Str+6
                  | SInv} (You bought it in a shop in the Dungeon)
  5302 | D        | Bought a potion of mutation for 176 gold pieces
  5302 | D        | Bought a blackened lead wand for 88 gold pieces
  5352 | D        | Found Jaynnooli's General Store.
  5352 | D        | Found Kurypn's General Store.
  5352 | D        | Found Zonlay's General Store.
  5352 | D        | Found Vits's Magic Scroll Boutique.
  5352 | D        | Noticed a golden dragon
  5369 | D        | Killed a golden dragon
  5375 | D        | Bought a scroll of blinking for 75 gold pieces
  5375 | D        | Bought a scroll of enchant weapon for 75 gold pieces
  5381 | D        | Noticed a storm dragon
  5390 | D        | Killed a storm dragon
  5517 | D        | Identified the ring "Ebonisog" {Drain rPois rF+ rCorr
                  | Int+7}
  5520 | D        | Found Arub's Antique Weapon Emporium.
  5523 | D        | Found Hyxuf's Weapon Shop.
  5523 | D        | Noticed Nessos
  5529 | D        | Killed Nessos
  5530 | D        | Reached XP level 14. HP: 131/131 MP: 16/26
  5583 | D        | Your ally Nessos died
  5663 | D        | Noticed a deep elf blademaster
  5675 | D        | Killed a deep elf blademaster
  5755 | D        | Reached XP level 15. HP: 139/139 MP: 28/28
  5790 | D        | Gained mutation: Armour fits poorly on your strangely
                  | shaped body. [a shining eye]
  5790 | D        | Gained mutation: You are clumsy. (Dex -2) [a shining eye]
  5791 | D        | Gained mutation: You occasionally lose the ability to drink
                  | potions when taking damage. [a shining eye]
  5791 | D        | Gained mutation: You are vulnerable to heat. (rF-) [a
                  | shining eye]
  5791 | D        | Gained mutation: You do not regenerate when monsters are
                  | visible. [a shining eye]
  5792 | D        | Gained mutation: Your body sometimes deteriorates upon
                  | taking damage. [a shining eye]
  5792 | D        | Gained mutation: Your magical capacity is low. (-10% MP) [a
                  | shining eye]
  5794 | D        | Gained mutation: You are dopey. (Int -2) [a shining eye]
  5794 | D        | Gained mutation: You are weak. (Str -2) [a shining eye]
  5796 | D        | Gained mutation: You are very dopey. (Int -4) [a shining
                  | eye]
  5797 | D        | Gained mutation: You sometimes lose your temper in combat.
                  | [a shining eye]
  5836 | D        | Lost mutation: Your body sometimes deteriorates upon taking
                  | damage. [potion of mutation]
  5836 | D        | Lost mutation: You occasionally lose the ability to drink
                  | potions when taking damage. [potion of mutation]
  5836 | D        | Lost mutation: You are vulnerable to heat. (rF-) [potion of
                  | mutation]
  5836 | D        | Lost mutation: You are weak. (Str -2) [potion of mutation]
  5836 | D        | Gained mutation: You have a pair of small antennae on your
                  | head. [potion of mutation]
  5837 | D        | Lost mutation: Your magical capacity is low. (-10% MP)
                  | [potion of mutation]
  5837 | D        | Lost mutation: You are very dopey. (Int -4) [potion of
                  | mutation]
  5837 | D        | Lost mutation: You do not regenerate when monsters are
                  | visible. [potion of mutation]
  5837 | D        | Lost mutation: You are clumsy. (Dex -2) [potion of
                  | mutation]
  5837 | D        | Gained mutation: Your natural rate of healing is unusually
                  | fast. [potion of mutation]
  5838 | D        | Lost mutation: Your natural rate of healing is unusually
                  | fast. [potion of mutation]
  5838 | D        | Lost mutation: You have a pair of small antennae on your
                  | head. [potion of mutation]
  5838 | D        | Lost mutation: Armour fits poorly on your strangely shaped
                  | body. [potion of mutation]
  5838 | D        | Gained mutation: You are resistant to electric shocks.
                  | (rElec) [potion of mutation]
  5839 | D        | Lost mutation: You sometimes lose your temper in combat.
                  | [potion of mutation]
  5839 | D        | Lost mutation: You are dopey. (Int -2) [potion of mutation]
  5839 | D        | Gained mutation: Your system is resistant to poisons.
                  | (rPois) [potion of mutation]
  5839 | D        | Gained mutation: You are vulnerable to cold. (rC-) [potion
                  | of mutation]
  5840 | D        | Lost mutation: You are vulnerable to cold. (rC-) [potion of
                  | mutation]
  5840 | D        | Lost mutation: You are resistant to electric shocks.
                  | (rElec) [potion of mutation]
  5840 | D        | Lost mutation: Your system is resistant to poisons. (rPois)
                  | [potion of mutation]
  5840 | D        | Gained mutation: You have a somewhat thin skeletal
                  | structure. (Dex +2, Stealth+) [potion of mutation]
  5840 | D        | Gained mutation: You are agile. (Dex +4, Str/Int -1)
                  | [potion of mutation]
  5840 | D        | Gained mutation: You are partially covered in large bone
                  | plates. (SH +4) [potion of mutation]
  6104 | D        | Noticed a quicksilver dragon
  6106 | D        | Noticed a quicksilver dragon
  6110 | D        | Noticed a quicksilver dragon
  6111 | D        | Killed a quicksilver dragon
  6117 | D        | HP: 4/141 [quicksilver dragon/bolt of dispelling energy
                  | (27)]
  6122 | D        | Killed a quicksilver dragon
  6123 | D        | Reached skill level 15 in Shields
  6124 | D        | HP: 1/211 [quicksilver dragon/bolt of dispelling energy
                  | (42)]
  6125 | D        | Killed a quicksilver dragon
  6561 | D        | Noticed a purple draconian shifter
  6562 | D        | Noticed Sonja
  6562 | D        | Killed Sonja
  6562 | D        | Noticed a hellephant
  6570 | D        | Your ally Sonja died
  6594 | D        | Killed a hellephant
  6610 | D        | Killed a purple draconian shifter
  6821 | D        | Reached skill level 15 in Evocations
  6892 | D        | Noticed an electric golem
  6902 | D        | Killed from afar by an electric golem

Illustrated notes

Levels and vault maps discovered:
D:        the_violet_keep_of_menkaure [sprint2_stairs_cluster_1,
          sprint2_shoproom, sprint2_temple, sprint2_basic_supplies,
          sprint2_obstacle_5, sprint2_obstacle_2, sprint2_obstacle_1,
          sprint2_obstacle_6, sprint2_obstacle_7, sprint2_timed_cluster_1,
          sprint2_smallroom_cluster_1, sprint2_smallroom_final_cluster_1,
          sprint2_transparent_cluster_1, sprint2_second_timed_cluster_1,
          sprint2_sniper_area_1, sprint2_heavy_combat_area_1,
          sprint2_mutation_trap_area_1, sprint2_forest_area_1,
          sprint2_light_combat_area_1, sprint2_behind_water_1,
          sprint2_near_end_vault_1]

Skill      XL: |  1  2  3  4  5  6  7  8  9 10 11 12 13 14 15 |
---------------+----------------------------------------------+-----
Fighting       | 4 5 6 7 8 10 11 12 14 17 18 19 20 | 20.9
Long Blades    | 6 8 9 11 12 14 15 16 18 20 | 20.6
Armour         | 2 3 5 6 7 9 10 11 | 11.0
Dodging        | 5 6 8 9 10 12 13 15 16 | 16.2
Invocations    | 3 5 7 9 11 13 16 17 18 20 | 20.0
Shields        | 5 10 12 13 15 | 15.8
Evocations     | 5 10 12 13 15 | 15.3
Throwing       | |  2.0

Action                   |  1- 3 |  4- 6 |  7- 9 | 10-12 | 13-15 || total
-------------------------+-------+-------+-------+-------+-------++-------
Melee: Long sword        |     6 |    52 |   132 |    43 |       ||   233
       Tailslap          |       |     4 |    13 |    15 |    23 ||    55
       Punch             |       |     1 |     4 |     3 |       ||     8
       Double sword      |       |       |       |   154 |   297 ||   451
Throw: Throwing net      |       |       |     3 |       |       ||     3
Invok: Upheaval          |       |       |     6 |    23 |     3 ||    32
       Elemental Force   |       |       |       |       |     1 ||     1
       Disaster Area     |       |       |       |       |     3 ||     3
Evoke: Condenser vane    |       |       |       |       |     1 ||     1
  Use: Potion            |     1 |       |     3 |     7 |    16 ||    27
       Scroll            |       |       |       |     8 |     9 ||    17
 Stab: Distracted        |       |       |       |       |     2 ||     2
Armor: Leather armour    |       |     3 |     4 |       |       ||     7
       Chain mail        |       |       |    35 |    52 |    92 ||   179
Dodge: Dodged            |     1 |    27 |    89 |    63 |    88 ||   268
       Repelled          |       |       |       |     5 |     3 ||     8
Block: Other             |       |     1 |    17 |     7 |       ||    25
       Buckler           |       |       |       |    52 |    98 ||   150
       Kite shield       |       |       |       |       |   127 ||   127

Table legend: (Time is in decaauts)
 A = Elapsed time spent in this place.
 B = Non-inter-level travel time spent in this place.
 C = Inter-level travel time spent in this place.
 D = Time resting spent in this place.
 E = Time spent auto-exploring this place.
 F = Levels seen in this place.
 G = Mean time per level.
                   A        B        C        D        E       F      G
               +--------+--------+--------+--------+--------+-----+--------+
         Total |   6487 |   6424 |     63 |   3776 |      0 |   1 | 6487.0 |
       Dungeon |   6487 |   6424 |     63 |   3776 |      0 |   1 | 6487.0 |
               +--------+--------+--------+--------+--------+-----+--------+

Top non-repeatable levels by time:
       D: 6487 daAuts
